 Dungeon Sprint DCSS version 0.22-a0-351-g29664b41f0 (webtiles) character file.

11232 Pa55enger the Carver (level 11, -2/95 HPs)
             Began as a Gnoll Berserker on Apr 13, 2018.
             Was the Champion of Trog.
             Slain by a deep troll (8 damage)
             ... in the Dungeon (Sprint IX: "|||||||||||||||||||||||||||||").
             The game lasted 00:04:36 (2083 turns).

Pa55enger the Carver (Gnoll Berserker)              Turns: 2083, Time: 00:04:36

Health: -2/95      AC: 20    Str: 20    XL:     11   Next: 74%
Magic:  25/25      EV: 17    Int:  5    God:    Trog [******]
Gold:   1250       SH:  0    Dex: 27    Spells: 31/31 levels left

rFire    . . .     SeeInvis .   D - +1 battleaxe of Summertime {speed, +Blink MR- Int-4 Dex+9}
rCold    . . .     Gourm    .   (shield currently unavailable)
rNeg     . . .     Faith    .   E - +0 plate armour {rPois}
rPois    +         Spirit   .   (no helmet)
rElec    .         Reflect  .   (no cloak)
rCorr    .         Harm     .   o - +0 pair of gloves
MR       .....     NoTele   +   C - +0 pair of boots
Stlth    +.........             (no amulet)
HPRegen  0.25/turn              q - +2 ring of protection
MPRegen  0.19/turn              r - +2 ring of evasion

@: berserk cooldown, slowed, very slow
A: distributed training, fangs 1, strong nose
a: Berserk, Trog's Hand, Brothers in Arms, Renounce Religion, Evoke Blink


You were in the Dungeon.
You worshipped Trog.
Trog was exalted by your worship.
You were very hungry.

You visited 1 branch You collected 1250 gold pieces.

Inventory:

Hand Weapons
 a - a +0 falchion
 m - a +2 scimitar of flaming
 n - a +3 war axe of chopping
 t - a +4 antimagic quick blade
 A - a +3 arbalest of flaming
 D - the +1 battleaxe of Summertime (weapon) {speed, +Blink MR- Int-4 Dex+9}
   (Trog gifted it to you in the Dungeon)

   Attacks with this weapon are significantly faster.
   It affects your intelligence (-4).
   It affects your dexterity (+9).
   It affects your resistance to hostile enchantments.
   It lets you blink.
Missiles
 y - 18 bolts
Armour
 b - a +0 animal skin
 o - a +0 pair of gloves (worn)
 p - a +0 plate armour
 z - a -2 chain mail
 C - a +0 pair of boots (worn)
 E - a +0 plate armour of poison resistance (worn)
Jewellery
 q - a +2 ring of protection (left hand)
 r - a +2 ring of evasion (right hand)
Wands
 l - a wand of acid (18)
Scrolls
 i - 2 scrolls of blinking
 k - 6 scrolls of remove curse
 v - a scroll of enchant armour
 w - a scroll of identify
 x - 2 scrolls of enchant weapon
Potions
 d - 5 potions of curing
 e - 7 potions of heal wounds
 f - a potion of haste
 g - 4 potions of magic
 h - 2 potions of berserk rage
 j - a potion of invisibility
 s - a potion of resistance
 u - a potion of agility
 B - 2 potions of might
Comestibles
 c - 12 rations
 F - a chunk of flesh


   Skills:
 + Level 12.1 Fighting
 + Level 10.5 Short Blades
 + Level 12.1 Long Blades
 + Level 10.5 Axes
 + Level 10.5 Maces & Flails
 + Level 10.5 Polearms
 + Level 10.5 Staves
 + Level 10.5 Slings
 + Level 10.5 Bows
 + Level 10.5 Crossbows
 + Level 10.5 Throwing
 + Level 11.4 Armour
 + Level 11.4 Dodging
 + Level 10.5 Stealth
 + Level 10.5 Shields
 + Level 10.5 Unarmed Combat
 + Level 10.5 Spellcasting
 + Level 8.9 Conjurations
 + Level 8.9 Hexes
 + Level 8.9 Charms
 + Level 8.9 Summonings
 + Level 8.9 Necromancy
 + Level 8.9 Translocations
 + Level 8.9 Transmutations
 + Level 8.9 Fire Magic
 + Level 8.9 Ice Magic
 + Level 8.9 Air Magic
 + Level 8.9 Earth Magic
 + Level 8.9 Poison Magic
 + Level 11.4 Invocations
 + Level 10.5 Evocations


You had 31 spell levels left.
You didn't know any spells.

Dungeon Overview and Level Annotations

Branches:
Dungeon (1/1)

Altars:
Cheibriados
Dithmenos
Elyvilon
Fedhas
Gozag
Hepliaklqana
Kikubaaqudgha
Makhleb
Nemelex Xobeh
Okawaru
Qazlal
Ru
Sif Muna
Trog
Uskayaw
Vehumet
Wu Jian
Xom
Yredelemnul
Zin
The Shining One
Beogh
Jiyva
Lugonu

Shops:
D ::


Innate Abilities, Weirdness & Mutations

Your experience applies equally to all skills.
You have very sharp teeth.
Your uncanny sense of smell can sniff out nearby items.


Message History

You feel as though you will be slow longer.
The deep troll bites you but does no damage.
The deep troll misses you. The deep troll claws you.
Found Methi's Book Shoppe.
Things that are here:
a robe; 50 gold pieces; an ogre corpse You hit the deep troll.
The deep troll is lightly wounded.
The ogre mage points at you and mumbles some strange words.
The crystal spear hits you!
* * * LOW HITPOINT WARNING * * *
The deep troll closely misses you. The deep troll claws you!
* * * LOW HITPOINT WARNING * * *
The deep troll closely misses you.
You slice the deep troll!!
You bite the deep troll, but do no damage.
The deep troll is heavily wounded.
The ogre mage hits you but does no damage.
The deep troll bites you!
You die...

▓_▓.▓†▓.▓.▓
∆
▓_▓.▓†▓.▓.▓
∆
▓_▓.▓.▓.▓.▓
∆
▓_▓.▓.▓.▓.▓
∆
▓_▓.▓.▓.▓.▓
▓_▓.▓.▓.▓.▓
∆
▓_▓.▓.▓.▓O▓
∆
▓_▓.▓.▓.▓(▓
∆
▓'▓.▓†▓.▓@▓
∆
▓.▓.▓†▓.▓T▓
▓?▓.▓(▓.▓T▓
▓|▓.▓)▓.▓T▓
▓)▓.▓÷▓.▓T▓
▓.▓.▓.▓.▓∩▓
▓[▓)▓.▓.▓$▓
▓.▓.▓.▓.▓∩▓
▓.▓.▓.▓.▓∆


You could see an ogre mage, 3 deep trolls and a troll.

Vanquished Creatures
  An ogre mage (D)
  Josephine (D)
  A deep troll (D)
  2 unseen horrors (D)
  An orc knight (D)
  An elephant (D)
  Joseph (D)
  A black mamba (D)
  A black mamba (shapeshifter) (D)
  4 spiny frogs (D)
  3 trolls (D)
  3 polar bears (D)
  A hippogriff (D)
  A blink frog (D)
  3 wraiths (D)
  A basilisk (D)
  2 water moccasins (D)
  13 orc warriors (D)
  3 porcupines (D)
  A sky beast (D)
  5 black bears (D)
  A centaur (D)
  A big kobold (D)
  4 bullfrogs (D)
  A wight (D)
  A howler monkey (D)
  An orc priest (D)
  3 orc wizards (D)
  A worker ant (D)
  2 gnolls (D)
  2 adder skeletons (D)
  A leopard gecko (D)
  4 orcs (D)
  A bat zombie (D)
  A goblin (D)
  2 quokkas (D)
  A kobold (D)
  A rat (D)
78 creatures vanquished.

Vanquished Creatures (collateral kills)
  4 orc warriors (D)
4 creatures vanquished.

Grand Total: 82 creatures vanquished

Notes
Turn   | Place    | Note
-------+----------+-------------------------------------------
     0 | D        | Pa55enger the Gnoll Berserker began the quest for the Orb.
     0 | D        | Reached XP level 1. HP: 23/23 MP: 1/1
     8 | D        | Reached ** piety under Trog
    10 | D        | Reached skill level 1 in Invocations
    15 | D        | Reached skill level 1 in Short Blades
    15 | D        | Reached skill level 1 in Axes
    15 | D        | Reached skill level 1 in Maces & Flails
    15 | D        | Reached skill level 1 in Polearms
    15 | D        | Reached skill level 1 in Staves
    15 | D        | Reached skill level 1 in Slings
    15 | D        | Reached skill level 1 in Bows
    15 | D        | Reached skill level 1 in Crossbows
    15 | D        | Reached skill level 1 in Throwing
    15 | D        | Reached skill level 1 in Stealth
    15 | D        | Reached skill level 1 in Shields
    15 | D        | Reached skill level 1 in Unarmed Combat
    15 | D        | Reached skill level 1 in Spellcasting
    15 | D        | Reached skill level 1 in Conjurations
    15 | D        | Reached skill level 1 in Hexes
    15 | D        | Reached skill level 1 in Charms
    15 | D        | Reached skill level 1 in Summonings
    15 | D        | Reached skill level 1 in Necromancy
    15 | D        | Reached skill level 1 in Translocations
    15 | D        | Reached skill level 1 in Transmutations
    15 | D        | Reached skill level 1 in Fire Magic
    15 | D        | Reached skill level 1 in Ice Magic
    15 | D        | Reached skill level 1 in Air Magic
    15 | D        | Reached skill level 1 in Earth Magic
    15 | D        | Reached skill level 1 in Poison Magic
    15 | D        | Reached skill level 1 in Evocations
    15 | D        | Reached XP level 2. HP: 17/29 MP: 2/4
   197 | D        | Noticed a sky beast
   202 | D        | Killed a sky beast
   202 | D        | Reached skill level 5 in Armour
   202 | D        | Reached skill level 5 in Dodging
   202 | D        | Reached XP level 3. HP: 36/36 MP: 5/7
   202 | D        | Reached XP level 4. HP: 43/43 MP: 5/8
   203 | D        | Reached *** piety under Trog
   208 | D        | Reached XP level 5. HP: 48/48 MP: 5/9
   222 | D        | Found a roughly hewn altar of Beogh.
   222 | D        | Found a snail-covered altar of Cheibriados.
   222 | D        | Found a shadowy altar of Dithmenos.
   222 | D        | Found a white marble altar of Elyvilon.
   222 | D        | Found a blossoming altar of Fedhas.
   222 | D        | Found an opulent altar of Gozag.
   223 | D        | Found a hazy altar of Hepliaklqana.
   224 | D        | Found a viscous altar of Jiyva.
   225 | D        | Found an ancient bone altar of Kikubaaqudgha.
   226 | D        | Found a corrupted altar of Lugonu.
   227 | D        | Found a burning altar of Makhleb.
   228 | D        | Found a sparkling altar of Nemelex Xobeh.
   229 | D        | Found an iron altar of Okawaru.
   230 | D        | Found a stormy altar of Qazlal.
   231 | D        | Found a sacrificial altar of Ru.
   232 | D        | Found a deep blue altar of Sif Muna.
   233 | D        | Found a bloodstained altar of Trog.
   234 | D        | Found a hide-covered altar of Uskayaw.
   235 | D        | Found a radiant altar of Vehumet.
   236 | D        | Found an ornate altar of the Wu Jian Council.
   237 | D        | Found a shimmering altar of Xom.
   238 | D        | Found a basalt altar of Yredelemnul.
   239 | D        | Found a glowing silver altar of Zin.
   240 | D        | Found a glowing golden altar of the Shining One.
   385 | D        | Noticed an orc warrior
   385 | D        | Noticed a troll
   385 | D        | Noticed a big kobold
   392 | D        | Killed an unseen horror
   392 | D        | Reached **** piety under Trog
   392 | D        | Reached skill level 5 in Short Blades
   392 | D        | Reached skill level 5 in Axes
   392 | D        | Reached skill level 5 in Maces & Flails
   392 | D        | Reached skill level 5 in Polearms
   392 | D        | Reached skill level 5 in Staves
   392 | D        | Reached skill level 5 in Slings
   392 | D        | Reached skill level 5 in Bows
   392 | D        | Reached skill level 5 in Crossbows
   392 | D        | Reached skill level 5 in Throwing
   392 | D        | Reached skill level 5 in Stealth
   392 | D        | Reached skill level 5 in Shields
   392 | D        | Reached skill level 5 in Unarmed Combat
   392 | D        | Reached skill level 5 in Spellcasting
   392 | D        | Reached skill level 5 in Evocations
   392 | D        | Reached XP level 6. HP: 50/57 MP: 9/14
   392 | D        | Reached XP level 7. HP: 56/63 MP: 9/15
   401 | D        | Killed a troll
   401 | D        | Reached skill level 5 in Conjurations
   401 | D        | Reached skill level 5 in Hexes
   401 | D        | Reached skill level 5 in Charms
   401 | D        | Reached skill level 5 in Summonings
   401 | D        | Reached skill level 5 in Necromancy
   401 | D        | Reached skill level 5 in Translocations
   401 | D        | Reached skill level 5 in Transmutations
   401 | D        | Reached skill level 5 in Fire Magic
   401 | D        | Reached skill level 5 in Ice Magic
   401 | D        | Reached skill level 5 in Air Magic
   401 | D        | Reached skill level 5 in Earth Magic
   401 | D        | Reached skill level 5 in Poison Magic
   401 | D        | Reached XP level 8. HP: 51/71 MP: 9/17
   413 | D        | Killed an unseen horror
   413 | D        | Reached ***** piety under Trog
   612 | D        | Noticed a black mamba
   621 | D        | Killed a black mamba
   621 | D        | Reached XP level 9. HP: 78/78 MP: 19/19
   621 | D        | Received a gift from Trog
   627 | D        | Received a gift from Trog
   746 | D        | Noticed Josephine
   762 | D        | Killed Josephine
   762 | D        | Reached skill level 10 in Fighting
   762 | D        | Reached skill level 10 in Long Blades
  1039 | D        | Noticed a spiny frog
  1039 | D        | Noticed a spiny frog
  1044 | D        | Killed a spiny frog
  1044 | D        | Received a gift from Trog
  1044 | D        | Reached XP level 10. HP: 86/86 MP: 22/22
  1046 | D        | Noticed a black mamba
  1050 | D        | Killed a spiny frog
  1061 | D        | Killed a black mamba
  1063 | D        | Received a gift from Trog
  1063 | D        | Reached skill level 10 in Armour
  1063 | D        | Reached skill level 10 in Dodging
  1121 | D        | Noticed an elephant
  1121 | D        | Noticed a spiny frog
  1122 | D        | Noticed a spiny frog
  1123 | D        | Reached ****** piety under Trog
  1128 | D        | Killed an elephant
  1133 | D        | Killed a spiny frog
  1133 | D        | Received a gift from Trog
  1136 | D        | Killed a spiny frog
  1136 | D        | Reached skill level 10 in Invocations
  1137 | D        | Received a gift from Trog
  1307 | D        | Reached XP level 11. HP: 93/93 MP: 24/24
  1311 | D        | Received a gift from Trog
  1318 | D        | Received a gift from Trog
  1448 | D        | Noticed Joseph
  1457 | D        | Killed Joseph
  1647 | D        | Received a gift from Trog
  1667 | D        | Received a gift from Trog
  1867 | D        | Received a gift from Trog
  1874 | D        | Noticed an orc knight
  1877 | D        | Reached skill level 10 in Short Blades
  1877 | D        | Reached skill level 10 in Axes
  1877 | D        | Reached skill level 10 in Maces & Flails
  1877 | D        | Reached skill level 10 in Polearms
  1877 | D        | Reached skill level 10 in Staves
  1877 | D        | Reached skill level 10 in Slings
  1877 | D        | Reached skill level 10 in Bows
  1877 | D        | Reached skill level 10 in Crossbows
  1877 | D        | Reached skill level 10 in Throwing
  1877 | D        | Reached skill level 10 in Stealth
  1877 | D        | Reached skill level 10 in Shields
  1877 | D        | Reached skill level 10 in Unarmed Combat
  1877 | D        | Reached skill level 10 in Spellcasting
  1877 | D        | Reached skill level 10 in Evocations
  1890 | D        | Killed an orc knight
  1894 | D        | Received a gift from Trog
  1917 | D        | Got a shimmering battleaxe {god gift}
  1918 | D        | Identified the +1 battleaxe of Summertime {speed, +Blink MR- Int-4 Dex+9} (Trog gifted it to you in the Dungeon)
  2053 | D        | Found Jerat's Book Emporium.
  2053 | D        | Noticed an ogre mage
  2053 | D        | Noticed a deep troll
  2053 | D        | Noticed an ogre mage
  2057 | D        | Noticed a deep troll
  2072 | D        | Killed a deep troll
  2075 | D        | Noticed a deep troll
  2076 | D        | Paralysed by an ogre mage for 3 turns
  2078 | D        | Noticed a deep troll
  2080 | D        | Killed an ogre mage
  2080 | D        | Received a gift from Trog
  2081 | D        | Found Methi's Book Shoppe.
  2083 | D        | Slain by a deep troll

Vault maps used:
D:        linesprint

Skill      XL: |  1  2  3  4  5  6  7  8  9 10 11 |
---------------+----------------------------------+-----
Invocations    | 1 3 6 7 9 10 11 | 11.4
Short Blades   | 1 2 3 5 6 7 8 9 10 | 10.5
Axes           | 1 2 3 5 6 7 8 9 10 | 10.5
Maces & Flails | 1 2 3 5 6 7 8 9 10 | 10.5
Polearms       | 1 2 3 5 6 7 8 9 10 | 10.5
Staves         | 1 2 3 5 6 7 8 9 10 | 10.5
Slings         | 1 2 3 5 6 7 8 9 10 | 10.5
Bows           | 1 2 3 5 6 7 8 9 10 | 10.5
Crossbows      | 1 2 3 5 6 7 8 9 10 | 10.5
Throwing       | 1 2 3 5 6 7 8 9 10 | 10.5
Stealth        | 1 2 3 5 6 7 8 9 10 | 10.5
Shields        | 1 2 3 5 6 7 8 9 10 | 10.5
Unarmed Combat | 1 2 3 5 6 7 8 9 10 | 10.5
Spellcasting   | 1 2 3 5 6 7 8 9 10 | 10.5
Conjurations   | 1 2 4 5 6 7 8 |  8.9
Hexes          | 1 2 4 5 6 7 8 |  8.9
Charms         | 1 2 4 5 6 7 8 |  8.9
Summonings     | 1 2 4 5 6 7 8 |  8.9
Necromancy     | 1 2 4 5 6 7 8 |  8.9
Translocations | 1 2 4 5 6 7 8 |  8.9
Transmutations | 1 2 4 5 6 7 8 |  8.9
Fire Magic     | 1 2 4 5 6 7 8 |  8.9
Ice Magic      | 1 2 4 5 6 7 8 |  8.9
Air Magic      | 1 2 4 5 6 7 8 |  8.9
Earth Magic    | 1 2 4 5 6 7 8 |  8.9
Poison Magic   | 1 2 4 5 6 7 8 |  8.9
Evocations     | 1 2 3 5 6 7 8 9 10 | 10.5
Fighting       | 7 8 9 10 11 12 | 12.1
Long Blades    | 7 8 9 10 11 12 | 12.1
Armour         | 5 7 8 9 10 11 | 11.4
Dodging        | 5 7 8 9 10 11 | 11.4

Action                   |  1- 3 |  4- 6 |  7- 9 | 10-12 || total
-------------------------+-------+-------+-------+-------++-------
Melee: Falchion          |    11 |    12 |       |       ||    23
       Bite              |     1 |     2 |    15 |    25 ||    43
       Punch             |       |     1 |     2 |     3 ||     6
       Scimitar          |       |     6 |    63 |   116 ||   185
       Battleaxe         |       |       |       |    24 ||    24
Invok: Berserk           |     2 |     1 |     3 |     5 ||    11
       Trog's Hand       |       |       |       |     1 ||     1
       Brothers in Arms  |       |       |       |     1 ||     1
  Use: Scroll            |       |       |       |     1 ||     1
  Eat: Chunk             |       |       |     5 |     9 ||    14
Armor: Animal skin       |     1 |     1 |       |       ||     2
       Plate armour      |       |     4 |    25 |    36 ||    65
Dodge: Dodged            |     4 |     4 |    26 |    86 ||   120
       Rpst.: Falchion   |     1 |       |       |       ||     1
       Scimitar          |       |       |     7 |    10 ||    17

Table legend:
 A = Spawn XP
 B = Non-spawn XP
 C = Spawn XP percentage of total XP
 D = Spawn monster count
 E = Non-spawn monster count
 F = Spawn count percentage of total count
 G = Total turns spent on level
                    A         B        C        D         E        F      G
               +---------+---------+-------+---------+---------+-------+---------
         Total |       0 |   16046 |   0.0 |       0 |      82 |   0.0 |  2083
               +---------+---------+-------+---------+---------+-------+---------
             D |       0 |   16046 |   0.0 |       0 |      82 |   0.0 |  2083
               +---------+---------+-------+---------+---------+-------+---------
